 Dungeon Crawl Stone Soup version 0.30-a0-140-gd1020e658a (webtiles) character file.

Game seed: 9269476117429770646

905 ytrimaz the Changer (level 8, -13/57 HPs)
             Began as an Octopode Transmuter on Sept 24, 2022.
             Mangled by an ogre
             ... wielding a +0 giant spiked club
              (20 damage)
             ... on level 5 of the Dungeon.
             The game lasted 00:05:08 (5425 turns).

ytrimaz the Changer (Octopode Transmuter)           Turns: 5425, Time: 00:05:09

Health: -13/57     AC:  7    Str:  9    XL:     8   Next: 8%
Magic:  11/15      EV: 10    Int: 18    God:
Gold:   218        SH:  0    Dex: 12    Spells: 8/17 levels left

rFire   x . .      SeeInvis .      - Unarmed
rCold   + + +      Faith    .    (shield currently unavailable)
rNeg    . . .      Spirit   .    (helmet currently unavailable)
rPois   +          Reflect  .    (no amulet)
rElec   .          Harm     .    e - ring of wizardry
rCorr   .          Rampage  .    h - ring of flight
Will    +....      Rage     3%   i - ring of poison resistance
Stlth   +.........               k - ring of poison resistance
HPRegen 0.19/turn                (no ring)
MPRegen 0.14/turn                (no ring)
                                 (no ring)
                                 (no ring)

@: ice-form, wereblooded, flying
A: freezing attack, boosted hp, almost no armour, amphibious, 8 rings, large,
(camouflage 1), (gelatinous body 1), (nimble swimmer 1), (tentacles), berserk 1,
strong-willed 1, evolution 1
a: End Transformation


You were on level 5 of the Dungeon.
You were a creature of crystalline ice.
You visited 1 branch of the dungeon, and saw 5 of its levels.

You collected 218 gold pieces.


Innate Abilities, Weirdness & Mutations

You are a creature of crystalline ice.
You have a powerful freezing melee attack.
Your maximum health is increased.
Your armour is entirely melded.
You are incapable of wielding weapons or throwing items.
You cannot wear most types of armour.
You are amphibious.
You can wear up to eight rings at the same time.
((Your skin changes colour to match your surroundings (Stealth+).))
((Your rubbery body absorbs attacks. (AC +1, EV +1)))
((You are camouflaged when in or above water. (Stealth+)))
((You have tentacles for arms and can constrict up to eight enemies at once.))
You sometimes lose your temper in combat.
You are strong-willed. (Will+)
You have hidden genetic potential.


   Skills:
 - Level 1.0 Fighting
 - Level 2.0 Dodging
 - Level 3.0 Unarmed Combat
 + Level 5.0 Spellcasting
 + Level 5.4 Transmutations
 + Level 3.4 Ice Magic
 - Level 4.0 Poison Magic


You had 8 spell levels left.
You knew the following spells:

 Your Spells              Type           Power      Damage    Failure   Level
a - Ice Form              Ice/Tmut       20%        N/A       9%          4
b - Wereblood             Tmut           24%        N/A       1%          2
c - Spider Form           Tmut/Pois      21%        N/A       2%          3

Your spell library contained the following spells:

 Spells                   Type           Power      Damage    Failure   Level
 Beastly Appendage        Tmut           48%        N/A       1%          1
 Ignite Poison            Fire/Tmut/Pois 15%        N/A       4%          3
 Sticky Flame             Conj/Fire      4%         2d3       45%         4

Inventory:

Jewellery
 e - a ring of wizardry (left front paw)
   (You found it on level 1 of the Dungeon)
 h - a ring of flight (right front paw)
   (You found it on level 2 of the Dungeon)
 i - a ring of poison resistance (on tentacle)
   (You found it on level 2 of the Dungeon)
 k - a ring of poison resistance (on tentacle)
   (You found it on level 4 of the Dungeon)
Scrolls
 b - a scroll of immolation
 c - 2 scrolls of vulnerability
 j - 2 scrolls of enchant armour
Potions
 d - a potion of berserk rage {unknown}
 f - 2 potions of mutation
 g - 5 potions of heal wounds {unknown}
 l - 2 potions of curing {unknown}

Dungeon Overview and Level Annotations

Branches:
Dungeon (5/15) Zot: 24591
 Temple: D:4-7

Altars:
Kikubaaqudgha

....#. .(...
....# ####
#...#
##...##...####.
...............
..............>
......lYO......
......Sā€
.......
...............
...####.######.
.. #.# . ...
... . ....# ...
. ....# ..###
#. #...#


You could see an ogre, an iguana and an adder.


Message History

Your Spellcasting skill increases to level 5!
Unknown command.
Your transformation is almost over.
Key pressed, stopping explore.
You warm up again.
You hear a distant slurping noise.
a - a scroll labelled AFOCOM MO ZOKEGH šŸ˜Ž HP[-1] MP[+3]
You now have 48 max hp (-9).
Your mp is fully restored (15).
You reach down and open the door.
There is an open door here.
Found an escape hatch in the ceiling.
Unknown command.
Found a stone staircase leading down.
As you read the scroll labelled AFOCOM MO ZOKEGH, it crumbles to dust.
You feel strangely unstable.
It was a scroll of teleportation.
A scorpion comes into view.
Unknown command.
A scorpion is nearby!
A scorpion is nearby!
Unknown command.
A scorpion is nearby!
A scorpion is nearby!
Unknown command.
A scorpion is nearby!
Unknown command.
Casting: Ice Form (dangerous; 9% risk of failure)
Confirm with . or Enter, or press ? or * to list all spells.
You turn into a creature of crystalline ice. šŸ˜Ž HP[+9] MP[-4]
You now have 57 max hp (+9).
Your hp is fully restored (57).
You lost 4 mp, and now have 11/15 mp.
Unknown command.
A hound comes into view.
The hound barks!
Your surroundings suddenly seem different.
A hound and an iguana come into view.
Found 6 stones.
Found a stone staircase leading down.
The iguana hisses angrily.
The hound barks!
The hound barely misses you. The hound closely misses you.
An ogre comes into view. It is wielding a +0 giant spiked club.
You barely miss the hound. The hound bites you.
The hound misses you. šŸ˜• HP[-1]
You take 1 damage, and now have 56/57 hp.
Unknown command.
You barely miss the hound.
An adder comes into view.
The hound barely misses you.
The iguana bites you! šŸ˜• HP[-10] MP[+1]
You take 10 damage, and now have 46/57 hp.
The adder hisses angrily.
You hit the hound. You freeze the hound. The hound bites you.
The iguana bites you. šŸ˜• HP[-3]
You take 3 damage, and now have 43/57 hp.
Unknown command.
You closely miss the hound. The hound bites you but does no damage.
The hound misses you. The iguana barely misses you.
Unknown command.
You barely miss the hound. The hound bites you but does no damage.
The iguana closely misses you. šŸ˜• HP[+1]
You punch the hound! You freeze the hound.
You kill the hound!
The iguana bites you! šŸ˜® HP[-7]
You take 7 damage, and now have 37/57 hp.
Casting: Ice Form (dangerous; 9% risk of failure)
Confirm with . or Enter, or press ? or * to list all spells.
Your blood is infused with primal strength.
The ogre barely misses you.
The iguana bites you. šŸ˜® HP[-6] MP[-2]
You take 6 damage, and now have 31/57 hp.
You lost 2 mp, and now have 10/15 mp.
Unknown command.
You hit the ogre. You freeze the ogre. The adder barely misses you.
You barely miss the ogre. The iguana bites you!
* * * LOW HITPOINT WARNING * * *
The adder bites you but does no damage.
The ogre hits you with a +0 giant spiked club!
* * * LOW HITPOINT WARNING * * *
Unknown command. šŸ˜± HP[-19]
You take 19 damage, and now have 12/57 hp.
MASSIVE DAMAGE!! (PAUSE)
You punch the ogre! You freeze the ogre. The adder bites you.
* * * LOW HITPOINT WARNING * * *
The iguana bites you but does no damage. šŸ˜± HP[-3] MP[+1]
You take 3 damage, and now have 9/57 hp.
Unknown command.
It was a potion of mutation.
You feel extremely strange.
You feel a hidden potential growing inside you.
You feel a little pissed off.
You feel strong-willed. The adder closely misses you. The iguana bites you.
* * * LOW HITPOINT WARNING * * *
The ogre hits you with a +0 giant spiked club!!
You die...

Skill      XL: |  1  2  3  4  5  6  7  8 |
---------------+-------------------------+-----
Poison Magic   | 1 2 3 4 |  4.0
Spellcasting   | 3 4 5 |  5.0
Transmutations | 3 4 5 |  5.4
Ice Magic      | 1 3 |  3.4
Fighting       | |  1.0
Dodging        | |  2.0
Unarmed Combat | |  3.0

Action                   |  1- 3 |  4- 6 |  7- 9 || total
-------------------------+-------+-------+-------++-------
Melee: Unarmed           |    95 |    83 |    64 ||   242
       Constrict         |    23 |     4 |       ||    27
       Tentacles         |    13 |     7 |     2 ||    22
       Punch             |     2 |       |     1 ||     3
       Kick              |     9 |       |       ||     9
 Cast: Beastly Appendage |    16 |     1 |       ||    17
       Spider Form       |     6 |    11 |     2 ||    19
       Ice Form          |       |     7 |     7 ||    14
       Wereblood         |       |     1 |     2 ||     3
  Use: Scroll            |     3 |     2 |     1 ||     6
       Potion            |       |     1 |     2 ||     3
 Stab: Sleeping          |    12 |     2 |     1 ||    15
       Distracted        |       |     1 |     1 ||     2
Armor: Skin              |     7 |    15 |    27 ||    49
Dodge: Dodged            |    69 |    48 |    42 ||   159

Levels and vault maps discovered:
D:1:      elethiomel_arrival_fortress_basement, layout_rooms,
          shapermc_ecumenical_altar_mp_vishouse, minmay_misc_feat_tower,
          bh_walls_and_bars
D:2:      layout_loops_ring, uniq_sigmund
D:3:      layout_loops_corners, patterned_corridor
D:4:      layout_basic, mainiacjoe_overflow_cross_hatched
D:5:      layout_gridville, nzn_hepliaklqana_mist_gate, uniq_grinder

Notes
Turn   | Place    | Note
-------+----------+-------------------------------------------
     0 | D:1      | ytrimaz the Octopode Transmuter began the quest for the
                  | Orb.
     0 | D:1      | Reached XP level 1. HP: 13/13 MP: 3/3
     0 | D:1      | magus.rc [v1.9.6]
   290 | D:1      | Reached skill level 1 in Poison Magic
   290 | D:1      | Reached XP level 2. HP: 18/18 MP: 3/5
   814 | D:1      | Reached XP level 3. HP: 23/23 MP: 3/6
   817 | D:1      | Learned a level 2 spell: Wereblood
   821 | D:1      | Learned a level 3 spell: Spider Form
  1111 | D:1      | Found a faded altar of an unknown god.
  1360 | D:2      | Reached skill level 2 in Poison Magic
  2069 | D:2      | Reached XP level 4. HP: 20/28 MP: 5/8
  2167 | D:2      | Noticed Sigmund
  2173 | D:2      | Killed Sigmund
  2174 | D:2      | Reached skill level 3 in Spellcasting
  2174 | D:2      | Reached skill level 3 in Transmutations
  2174 | D:2      | Reached skill level 3 in Poison Magic
  2174 | D:2      | Reached XP level 5. HP: 33/33 MP: 8/10
  2311 | D:2      | Reached XP level 6. HP: 38/38 MP: 4/11
  2369 | D:2      | You add the spells Ignite Poison and Sticky Flame to your
                  | library.
  2382 | D:2      | Learned a level 4 spell: Ice Form
  3605 | D:3      | Reached skill level 4 in Poison Magic
  3646 | D:3      | Reached skill level 4 in Transmutations
  3954 | D:4      | Found an ancient bone altar of Kikubaaqudgha.
  4112 | D:4      | Reached skill level 4 in Spellcasting
  4112 | D:4      | Reached skill level 1 in Ice Magic
  4223 | D:4      | Noticed an ice beast
  4232 | D:4      | Killed an ice beast
  4233 | D:4      | Reached XP level 7. HP: 39/43 MP: 5/13
  4361 | D:4      | Reached skill level 2 in Ice Magic
  5100 | D:5      | Entered Level 5 of the Dungeon
  5100 | D:5      | Noticed Grinder
  5112 | D:5      | Paralysed by Grinder for 4 turns
  5127 | D:5      | Killed Grinder
  5128 | D:5      | Reached skill level 5 in Transmutations
  5285 | D:5      | Reached skill level 3 in Ice Magic
  5340 | D:5      | Reached XP level 8. HP: 48/48 MP: 11/15
  5344 | D:5      | Reached skill level 5 in Spellcasting
  5423 | D:5      | HP: 12/57 [ogre/+0 giant spiked club (7)]
  5425 | D:5      | Gained mutation: You have hidden genetic potential. [potion
                  | of mutation]
  5425 | D:5      | Gained mutation: You sometimes lose your temper in combat.
                  | [potion of mutation]
  5425 | D:5      | Gained mutation: You are strong-willed. (Will+) [potion of
                  | mutation]
  5425 | D:5      | Mangled by an ogre

Vanquished Creatures
  Grinder (D:5)
  Sigmund (D:2)
  An ice beast (D:4)
  2 scorpions
  3 hounds (D:5)
  An orc priest (D:4)
  A jelly (D:4)
  An iguana (D:4)
  6 adders
  A worm (D:2)
  4 dart slugs
  8 orcs
  6 bats
  4 endoplasms
  6 giant cockroaches
  7 goblins
  5 hobgoblins
  9 jackals
  3 quokkas
  8 ball pythons
  3 frilled lizards
  8 kobolds
  8 rats
97 creatures vanquished.

Vanquished Creatures (others)
  11 plants (D:4)
11 creatures vanquished.

Grand Total: 108 creatures vanquished

Table legend:
 A = Non-vault XP
 B = Vault XP
 C = Vault XP percentage of total XP
 D = Non-vault monster count
 E = Vault monster count
 F = Vault count percentage of total count
                 A         B        C        D         E       F
            +---------+---------+-------+---------+---------+-------
      Total |     779 |     514 |  39.8 |      94 |       3 |   3.1
            +---------+---------+-------+---------+---------+-------
        D:1 |      46 |       2 |   4.2 |      26 |       1 |   3.7
        D:2 |      70 |     231 |  76.7 |      21 |       1 |   4.5
        D:3 |      58 |       0 |   0.0 |      22 |       0 |   0.0
        D:4 |     366 |       0 |   0.0 |      19 |       0 |   0.0
        D:5 |     239 |     281 |  54.0 |       6 |       1 |  14.3
            +---------+---------+-------+---------+---------+-------

Illustrated notes

Table legend:
 A = Kills in this place as a percentage of kills in entire the game.
 B = Kills by you in this place as a percentage of kills by you in the entire game.
 C = Kills by friends in this place as a percentage of kills by friends in the entire game.
 D = Other kills in this place as a percentage of other kills in the entire game.
 E = Experience gained in this place as a percentage of experience gained in the entire game.
 F = Experience gained in this place divided by the number of levels of this place that you have seen.
                   A       B       C       D       E      F
               +-------+-------+-------+-------+-------+----------------------
         Total | 100.0 | 100.0 |   N/A |   N/A | 100.0 | 258.6
       Dungeon | 100.0 | 100.0 |   N/A |   N/A | 100.0 | 258.6
               +-------+-------+-------+-------+-------+----------------------

Table legend: (Time is in decaauts)
 A = Elapsed time spent in this place.
 B = Non-inter-level travel time spent in this place.
 C = Inter-level travel time spent in this place.
 D = Time resting spent in this place.
 E = Time spent auto-exploring this place.
 F = Levels seen in this place.
 G = Mean time per level.
                   A        B        C        D        E       F      G
               +--------+--------+--------+--------+--------+-----+--------+
         Total |   5407 |   5279 |    128 |    302 |   4213 |   5 | 1081.4 |
       Dungeon |   5407 |   5279 |    128 |    302 |   4213 |   5 | 1081.4 |
               +--------+--------+--------+--------+--------+-----+--------+

Top non-repeatable levels by time:
     D:2: 1372 daAuts
     D:3: 1297 daAuts
     D:1: 1270 daAuts
     D:4: 1144 daAuts
     D:5: 322 daAuts
